 Dungeon Crawl Stone Soup version 0.26.1-2-gb8aa6d0 (webtiles) character file.

Game seed: 11510212607322408034

7427 Geeful the Covert (level 11, -2/74 (75) HPs)
             Began as an Octopode Delver on Apr 7, 2021.
             Was a Believer of Vehumet.
             Slain by an unseen horror (5 damage)
             ... on level 10 of the Dungeon on Apr 9, 2021.
             The game lasted 00:44:08 (12310 turns).

Geeful the Covert (Octopode Delver)                Turns: 12310, Time: 00:44:08

HP:   -2/74 (75)    AC:  1    Str: 12    XL:     11   Next: 15%
MP:   21/21         EV: 22    Int: 15    God:    Vehumet [**....]
Gold: 865           SH:  0    Dex: 14    Spells: 12/24 levels left

rFire    . . .     SeeInvis .   b - +4 war axe (elec)
rCold    . . .     Faith    .   (no shield)
rNeg     . . .     Spirit   .   (helmet restricted)
rPois    .         Reflect  .   (no amulet)
rElec    .         Harm     .   g - ring of resist corrosion
rCorr    +         Rampage  .   c - +4 ring of evasion
Will     .....                  (no ring)
Stlth    +++++.....             (no ring)
HPRegen  0.22/turn              (no ring)
MPRegen  0.17/turn              (no ring)
                                (no ring)
                                (no ring)

@: lightly drained
A: almost no armour, stealthy swim, amphibious, 8 rings, constrict 8, camouflage
1, gelatinous body 1
a: Renounce Religion


You were on level 10 of the Dungeon.
You worshipped Vehumet.
Vehumet was pleased with you.
You visited 2 branches of the dungeon, and saw 11 of its levels.
You also visited: Sewer and Bailey.

You collected 924 gold pieces.
You spent 59 gold pieces at shops.

Inventory:

Hand Weapons
 a - a +4 long sword of freezing
 b - a +4 war axe of electrocution (weapon)
 q - a +1 rapier of speed
 E - a +2 scimitar of holy wrath
Missiles
 u - 4 atropa-tipped darts
 D - 33 poisoned darts (quivered)
Jewellery
 c - a +4 ring of evasion (right tentacle)
 g - a ring of resist corrosion (left tentacle)
Wands
 f - a wand of digging (8)
 h - a wand of enslavement (7)
 o - a wand of disintegration (18)
 w - a wand of random effects (26)
Scrolls
 d - 2 scrolls of fear
 l - 2 scrolls of blinking
 m - 5 scrolls of magic mapping
 p - 4 scrolls of teleportation
 x - 5 scrolls of fog
 y - 2 scrolls of remove curse
 A - a scroll of enchant armour
Potions
 e - 4 potions of haste
 i - 3 potions of curing
 j - 4 potions of magic
 k - a potion of heal wounds
 n - 2 potions of brilliance
 r - a potion of berserk rage
 s - 3 potions of cancellation
 t - 4 potions of flight
 z - 2 potions of might
 B - 2 potions of resistance


   Skills:
 - Level 7.0 Fighting
 - Level 2.0 Short Blades
 + Level 8.2 Dodging
 - Level 10.4 Stealth
 + Level 7.2 Spellcasting
 + Level 5.3 Conjurations
 * Level 7.4 Fire Magic


You had 12 spell levels left.
You knew the following spells:

 Your Spells              Type           Power        Failure   Level
a - Foxfire               Conj/Fire      96%          1%          1
b - Sticky Flame          Conj/Fire      24%          10%         4
c - Fireball              Conj/Fire      12%          26%         5
d - Searing Ray           Conj           42%          2%          2

Your spell library contained the following spells:

 Spells                   Type           Power        Failure   Level
 Conjure Flame            Conj/Fire      24%          2%          3
 Inner Flame              Hex/Fire       16%          9%          3
 Animate Skeleton         Necr           10%          13%         1
 Apportation              Tloc           10%          13%         1
 Corona                   Hex            5%           13%         1
 Summon Small Mammal      Summ           20%          13%         1


Dungeon Overview and Level Annotations

Branches:
Dungeon (10/15)            Temple (1/1) D:6            Lair (0/6) D:9
    Orc (0/2) D:9           Sewer (visited)          Bailey (visited)

Altars:
Ashenzari
Dithmenos
Fedhas
Gozag
Kikubaaqudgha
Okawaru
Qazlal
Sif Muna
Uskayaw
Vehumet
Xom
Zin
Beogh

Shops:
D:9 *   D:10 [?

Annotations:
D:8 exclusion: downstairs


Innate Abilities, Weirdness & Mutations

You cannot wear most types of armour.
You are very stealthy in the water. (Stealth+)
You are amphibious.
You can wear up to eight rings at the same time.
You can use your tentacles to constrict eight enemies at once.
Your skin changes colour to match your surroundings (Stealth+).
Your rubbery body absorbs attacks. (AC +1, EV +1)


Message History

Lightning courses through the orc priest!
You kill the orc priest!
Vehumet accepts your kill. The orc warrior barely misses you.
You slash the orc! Lightning courses through the orc!!
You kill the orc!
Vehumet accepts your kill.
The orc warrior hits you from afar with a +0 trident!
The orc warrior hits you from afar with a +0 trident!!
* * * LOW HITPOINT WARNING * * *
The orc closely misses you. Something barely misses you.
Something barely misses you. Something misses you. Something hits you!
* * * LOW HITPOINT WARNING * * *
Deactivating autopickup; reactivate with Ctrl-A.
Something barely misses you. Something hits you.
You die...

#... ...........# #...[.
....[......# #.... ...........#
#........... .........).##
#.......... .........(...
##..##....# ............. .
#..8.#....# #########....#. ..
#....#....#####............# ...
#..∩.#......@..o.o.o.......#
....#....#.....................#
.......<.#.....................#
......<.......#...........#######
.......8......#####....####....#.
....#...................)......#.
....#....#.....................#.
... #....#....#................#.
.. #....#....#####...#####....#.


You could see an orc warrior and 2 orcs.

Vanquished Creatures
  2 two-headed ogres (D:9)
  Maurice (D:8)
  Grinder (D:3)
  Sigmund (D:3)
  10 yaks
  A fire bat (D:5)
  6 orc warriors
  2 sky beasts
  2 ice beasts
  3 ogres (D:4)
  3 black bears
  5 centaurs
  A big kobold (D:8)
  4 bullfrogs
  3 scorpions
  10 wights (D:9)
  A centaur zombie (D:6)
  3 jellies
  A bullfrog zombie (D:7)
  2 hounds
  A quasit (D:8)
  4 orc priests
  9 orc wizards
  A bullfrog skeleton (D:9)
  An iguana (D:6)
  5 worker ants
  A hound zombie (D:6)
  Robin (D:3)
  3 gnolls (D:3)
  10 adders
  A howler monkey skeleton (D:5)
  3 river rats (Sewer)
  A shadow imp (D:8)
  2 white imps
  An ooze (D:4)
  2 adder skeletons (D:4)
  3 worms
  3 dart slugs
  5 leopard geckos
  31 orcs
  10 bats
  5 giant cockroaches
  20 goblins
  15 hobgoblins
  9 jackals
  7 quokkas
  13 ball pythons (Sewer)
  9 frilled lizards
  A giant cockroach zombie (D:6)
  A jackal zombie (D:6)
  24 kobolds
  31 rats
295 creatures vanquished.

Vanquished Creatures (others)
  An ice beast (D:9)
  31 foxfires (D:9)
  3 fungi (D:9)
  6 plants (D:9)
41 creatures vanquished.

Grand Total: 336 creatures vanquished

Notes
Turn   | Place    | Note
-------+----------+-------------------------------------------
     0 | D:5      | Geeful the Octopode Delver began the quest for the Orb.
     0 | D:5      | Reached XP level 1. HP: 16/16 MP: 1/1
    13 | D:6      | Noticed a scorpion
    22 | D:6      | Killed a scorpion
    23 | D:6      | Reached skill level 7 in Stealth
    23 | D:6      | Reached skill level 1 in Spellcasting
    23 | D:6      | Reached XP level 2. HP: 21/21 MP: 1/3
    23 | D:6      | Reached XP level 3. HP: 26/26 MP: 1/4
   153 | D:6      | Reached XP level 4. HP: 31/31 MP: 4/6
   254 | D:6      | Found a glowing drain.
   269 | Sewer    | Entered a sewer
   406 | Sewer    | Reached XP level 5. HP: 32/37 MP: 7/7
   907 | Sewer    | Reached XP level 6. HP: 14/43 MP: 9/9
   911 | Sewer    | Reached skill level 8 in Stealth
  1388 | D:6      | Found a glowing silver altar of Zin.
  1450 | D:5      | Noticed an ice beast
  1458 | D:5      | Killed an ice beast
  1459 | D:5      | Reached XP level 7. HP: 49/49 MP: 11/11
  1638 | D:3      | Noticed Sigmund
  1648 | D:3      | Killed Sigmund
  1649 | D:3      | Reached skill level 5 in Fighting
  1683 | D:3      | Noticed Robin
  3215 | D:2      | Reached skill level 9 in Stealth
  3368 | D:3      | Found a stormy altar of Qazlal.
  3452 | D:3      | Found a shimmering altar of Xom.
  3479 | D:3      | Found a hide-covered altar of Uskayaw.
  3497 | D:3      | Reached XP level 8. HP: 54/55 MP: 13/13
  3520 | D:3      | Killed Robin
  3826 | D:3      | Noticed Grinder
  3896 | D:3      | Killed Grinder
  3897 | D:3      | Reached skill level 5 in Dodging
  4149 | D:4      | You fall into a shaft and drop 1 floor!
  5055 | D:4      | Reached skill level 10 in Stealth
  5478 | D:5      | Found a transporter.
  5551 | D:5      | Found a blossoming altar of Fedhas.
  5555 | D:5      | Reached skill level 5 in Spellcasting
  5555 | D:5      | Reached XP level 9. HP: 63/63 MP: 16/16
  5736 | D:5      | Found a transporter.
  5977 | D:5      | Learned a level 1 spell: Foxfire
  6122 | D:6      | Found a shimmering blue altar of Sif Muna.
  6136 | D:6      | Reached skill level 1 in Conjurations
  6136 | D:6      | Reached skill level 1 in Fire Magic
  6136 | D:6      | Identified Sif Muna's Grimoire of Stolen Souls
  6638 | D:6      | Found a staircase to the Ecumenical Temple.
  6648 | Temple   | Entered the Ecumenical Temple
  6662 | Temple   | Became a worshipper of Vehumet
  7080 | D:7      | Found a shadowy altar of Dithmenos.
  7176 | D:7      | Found a flagged portal.
  7188 | Bailey   | Entered a bailey
  7476 | Bailey   | Found a burning altar of Makhleb.
  7533 | Bailey   | Reached * piety under Vehumet
  7533 | Bailey   | Offered knowledge of Freeze by Vehumet.
  8864 | D:8      | Noticed Maurice
  8873 | D:8      | Killed Maurice
  9346 | D:8      | Reached XP level 10. HP: 71/71 MP: 17/19
  9394 | D:8      | Learned a level 4 spell: Sticky Flame
  9400 | D:8      | Learned a level 5 spell: Fireball
  9581 | D:9      | Noticed a two-headed ogre
  9742 | D:9      | Found Geh Icyt's Assorted Antiques.
  9745 | D:9      | Bought a scroll labelled GANESHR AKLIKK for 31 gold pieces
  9800 | D:9      | Noticed a two-headed ogre
 10164 | D:9      | Noticed a two-headed ogre
 10175 | D:9      | Killed a two-headed ogre
 10176 | D:9      | Reached skill level 5 in Fire Magic
 10816 | D:9      | Found an iron altar of Okawaru.
 10852 | D:9      | Found a staircase to the Lair.
 10870 | D:9      | Killed a two-headed ogre
 10870 | D:9      | Offered knowledge of Searing Ray by Vehumet.
 10886 | D:9      | Learned a level 2 spell: Searing Ray
 10976 | D:9      | Reached ** piety under Vehumet
 11055 | D:9      | Found a staircase to the Orcish Mines.
 11203 | D:9      | Found a roughly hewn altar of Beogh.
 11351 | D:9      | Reached XP level 11. HP: 64/75 MP: 21/21
 11355 | D:9      | Reached skill level 5 in Conjurations
 11961 | D:10     | Entered Level 10 of the Dungeon
 11961 | D:10     | Found Bouc Yha's Armour Shop.
 12068 | D:10     | Found Guomaloo's Magic Scroll Emporium.
 12086 | D:10     | Bought a scroll of identify for 28 gold pieces
 12307 | D:10     | HP: 2/74 [something (11)]
 12310 | D:10     | Slain by an unseen horror

Illustrated notes

Levels and vault maps discovered:
D:1:      erik_arrival_cave_to_civilisation [erik_arrival_cave_to_hall],
          layout_loops_ring, grunt_decor_junction, kennysheep_nondescript
D:2:      layout_loops_ring, minmay_tetromino_o2
D:3:      layout_rooms, lemuel_crystal_altar, lemuel_doored_altar,
          xom_teletrap_fun, wad_orctagon, uniq_sigmund, uniq_grinder, uniq_robin
D:4:      layout_loops_ring
D:5:      gammafunk_cloud_chamber, layout_rooms, fedhas_altar_1, serial_curves,
          eino_curves_02, eino_curves_04
D:6:      layout_basic, zin_statuary, minmay_temple_entry_stoned_glass,
          cheibrodos_sewer_entry_bend, st_stairs_10, led_sif_book
D:7:      layout_basic, old_standard_altar, enter_bailey_4
D:8:      layout_cave_pools, uniq_maurice
D:9:      layout_loops_corners, dpeg_oklobed_lair,
          minmay_orc_entry_temple_small, serial_shops,
          nicolae_shop_behind_doors, lemuel_altar_in_water
D:10:     layout_grid_maze, serial_shops, shop, shop_statue, kennysheep_mini,
          nicolae_shop_window_shopping, kennysheep_mini_moat
Temple:   eino_temple_scatter_basement

Skill      XL: |  1  2  3  4  5  6  7  8  9 10 11 |
---------------+----------------------------------+-----
Stealth        | 7 8 9 10 | 10.4
Spellcasting   | 1 2 3 5 6 7 |  7.2
Dodging        | 3 4 5 6 8 |  8.2
Fighting       | 4 5 6 7 |  7.0
Conjurations   | 3 4 5 |  5.3
Fire Magic     | 3 6 7 |  7.4
Short Blades   | |  2.0

Action                   |  1- 3 |  4- 6 |  7- 9 | 10-12 || total
-------------------------+-------+-------+-------+-------++-------
Melee: Short sword       |     5 |       |       |       ||     5
       Rapier            |       |   108 |   392 |    30 ||   530
       Constrict         |       |    23 |    90 |    19 ||   132
       Tentacles         |       |    13 |    76 |    16 ||   105
       War axe           |       |       |    23 |    97 ||   120
       Scimitar          |       |       |     2 |       ||     2
       Long sword        |       |       |       |     1 ||     1
Throw: Dart              |       |       |    10 |    17 ||    27
 Cast: Foxfire           |       |       |       |    16 ||    16
Evoke: Wand              |       |       |     1 |     7 ||     8
  Use: Scroll            |       |     2 |     7 |    13 ||    22
       Potion            |       |     2 |     1 |     2 ||     5
 Stab: Sleeping          |     3 |    12 |    45 |     5 ||    65
       Distracted        |       |     1 |     3 |     1 ||     5
       Invisible         |       |       |     4 |     1 ||     5
Armor: Skin              |       |     2 |    10 |     1 ||    13
Dodge: Dodged            |     2 |   112 |   290 |   157 ||   561
       Rpst.: Scimitar   |       |       |     1 |       ||     1
       Long sword        |       |       |       |     1 ||     1
